 Dungeon Crawl Stone Soup version 0.29.0-15-g675c0067aa (webtiles) character file.

Game seed: 1952650047121437440

2699 qw the Cleaver (level 9, -2/57 HPs)
             Began as a Gargoyle Fighter on Sept 12, 2022.
             Slain by a gargoyle
             ... wielding a +0 morningstar
              (16 damage)
             ... on level 8 of the Dungeon.
             The game lasted 00:02:55 (7784 turns).

qw the Cleaver (Gargoyle Fighter)                   Turns: 7784, Time: 00:02:56

Health: -2/57      AC: 26    Str: 24    XL:     9   Next: 65%
Magic:  9/9        EV:  7    Int:  9    God:
Gold:   112        SH:  4    Dex:  9    Spells: 8/8 levels left

rFire   . . .      SeeInvis .   m - +0 war axe (vamp)
rCold   . . .      Faith    .   c - +0 buckler
rNeg    + . .      Spirit   .   r - +0 plate armour
rPois   inf        Reflect  .   (no helmet)
rElec   +          Harm     .   h - +2 cloak
rCorr   .          Rampage  .   j - +2 pair of gloves
Will    +....                   (no boots)
Stlth   ..........              (no amulet)
HPRegen 0.19/turn               q - ring of willpower
MPRegen 0.11/turn               (no ring)

@: about to teleport
A: sickness immunity, AC +6, negative energy resistance 1, electricity
resistance, torment resistance 1, petrification resistance
a: no special abilities


You were on level 8 of the Dungeon.
You visited 2 branches of the dungeon, and saw 9 of its levels.

You collected 456 gold pieces.
You spent 344 gold pieces at shops.


Innate Abilities, Weirdness & Mutations

You are immune to sickness and miasma.
Your stone body is resilient. (AC +6)
You are immune to poison.
You resist negative energy. (rN+)
You are resistant to electric shocks. (rElec)
You are resistant to unholy torment.
You are immune to petrification.


   Skills:
 - Level 7.0 Fighting
 + Level 9.3 Axes
 - Level 6.6 Armour
 - Level 1.0 Dodging
 - Level 4.2 Shields


You had 8 spell levels left.
You didn't know any spells.
Your spell library was empty.

Inventory:

Hand Weapons
 b - a +0 morningstar
 m - a +0 vampiric war axe (weapon)
Armour
 c - a +0 buckler (worn)
 h - a +2 cloak (worn)
 j - a +2 pair of gloves (worn)
 r - a +0 plate armour (worn)
Jewellery
 p - a ring of ice
 q - a ring of willpower (left hand)
Scrolls
 g - a scroll of teleportation
 i - 5 scrolls of identify
 l - a scroll of blinking
 t - a scroll of fog
Potions
 a - a potion of heal wounds
 d - a potion of might
 e - 4 potions of curing
 f - a potion of mutation
 k - 2 potions of lignification
 n - a potion of haste
 o - a potion of attraction

Dungeon Overview and Level Annotations

Branches:
Dungeon (8/15)             Temple (1/1) D:4
   Lair: D:8-11

Altars:
Ashenzari
Dithmenos
Elyvilon
Fedhas
Hepliaklqana
Kikubaaqudgha
Qazlal
Sif Muna
Trog
Uskayaw
Vehumet
Wu Jian
Yredelemnul
Zin
The Shining One

Shops:
D:1 (   D:6 =(?

Annotations:
D:5 1 runed translucent door, Crazy Yiuf


Message History

The stone arrow hits you but does no damage.
You barely miss the gargoyle.
The gargoyle hits you with a +0 morningstar.
You hit the gargoyle but do no damage.
The gargoyle hurls a stone arrow at you.
The stone arrow hits you but does no damage.
You hit the gargoyle but do no damage.
The gargoyle hits you with a +0 morningstar!
You barely miss the gargoyle.
The gargoyle hurls a stone arrow at you.
You block the stone arrow.
You completely miss the gargoyle. The gargoyle barely misses you.
You hit the gargoyle.
The gargoyle is lightly damaged.
The gargoyle hits you but does no damage.
You slash the gargoyle!
The gargoyle is heavily damaged.
The gargoyle hits you but does no damage.
You hit the gargoyle but do no damage.
The gargoyle is heavily damaged.
The gargoyle hurls a stone arrow at you.
The stone arrow hits you!!
You hit the gargoyle but do no damage.
The gargoyle is heavily damaged.
The gargoyle hurls a stone arrow at you.
You block the stone arrow.
The gargoyle hits you with a +0 morningstar.
You hit the gargoyle.
The gargoyle is severely damaged.
The gargoyle hits you but does no damage.
You barely miss the gargoyle.
The gargoyle is severely damaged.
The gargoyle hurls a stone arrow at you.
The stone arrow hits you!
7784 ||| READING 2 scrolls of teleportation.
As you read the scroll of teleportation, it crumbles to dust.
You feel strangely unstable.
The gargoyle hits you with a +0 morningstar!
You die...

# # ############# #
#.....#.....# #
#.....#.....# #
#.....#.....# #
#.....#.....#
########....#.....#
.......##'####...##
.............#..@#
.............#..9#
.............#...'.)...#
.............'...#.....#
#######......#...#.....#
# #......#...# ....+ #
#......#...# ....#
#......+...# ....
#......#<..# ....


You could see a gargoyle.

Vanquished Creatures
  Maggie (D:7)
  Menkaure (D:5)
  2 water moccasins
  An orc warrior (D:8)
  3 black bears
  3 ogres
  2 centaurs (D:6)
  Blork the orc (D:5)
  2 bullfrogs (D:7)
  5 scorpions
  3 howler monkeys
  A hound (D:6)
  7 orc priests
  Terence (D:2)
  3 iguanas
  6 orc wizards
  8 adders
  A gnoll (D:1)
  A shadow imp (D:5)
  A white imp (D:6)
  An ufetubus (D:4)
  2 worms
  2 dart slugs (D:1)
  34 orcs
  9 ball pythons
  7 endoplasms
  7 giant cockroaches
  11 goblins
  3 hobgoblins
  2 jackals (D:1)
  9 kobolds
  A quokka (D:1)
  9 bats
  7 frilled lizards
  6 rats
163 creatures vanquished.

Vanquished Creatures (others)
  94 fungi
  36 plants (D:8)
  5 toadstools (D:1)
135 creatures vanquished.

Grand Total: 298 creatures vanquished

Notes
Turn   | Place    | Note
-------+----------+-------------------------------------------
     0 | D:1      | qw the Gargoyle Fighter began the quest for the Orb.
     0 | D:1      | Reached XP level 1. HP: 14/14 MP: 1/1
     0 | D:1      | 0 ||| qw: Version: 0.1-a-119-g272c26d
     0 | D:1      | 0 ||| qw: Game counter: 10776
     0 | D:1      | 0 ||| qw: Always use a shield: true
     0 | D:1      | 0 ||| qw: God list: Okawaru
     0 | D:1      | 0 ||| qw: Allow faded altars: false
     0 | D:1      | 0 ||| qw: Do Orc after D:15 true
     0 | D:1      | 0 ||| qw: Do second Lair branch before Depths: true
     0 | D:1      | 0 ||| qw: Lair rune preference: random
     0 | D:1      | 0 ||| qw: Plans: Normal, Zot, God:TSO, Crypt, Tomb, Pan,
                  | Slime, Hells, Zig, Abyss, Orb
     0 | D:1      | 0 ||| PLANNING D:1-11
    49 | D:1      | Reached skill level 2 in Axes
    84 | D:1      | 84 ||| Stepping ~*~*~tactically~*~*~ (stealth).
    85 | D:1      | 85 ||| Stepping ~*~*~tactically~*~*~ (stealth).
    87 | D:1      | 87 ||| Stepping ~*~*~tactically~*~*~ (stealth).
    96 | D:1      | Reached XP level 2. HP: 15/19 MP: 2/2
    98 | D:1      | 98 ||| Stepping ~*~*~tactically~*~*~ (hiding).
   193 | D:1      | 193 ||| Stepping ~*~*~tactically~*~*~ (stealth).
   404 | D:1      | 404 ||| Stepping ~*~*~tactically~*~*~ (stealth).
   457 | D:1      | Reached skill level 3 in Axes
   457 | D:1      | 457 ||| Stepping ~*~*~tactically~*~*~ (stealth).
   512 | D:1      | 512 ||| Stepping ~*~*~tactically~*~*~ (stealth).
   517 | D:1      | Reached XP level 3. HP: 7/23 MP: 3/3
   758 | D:1      | Found a faded altar of an unknown god.
  1055 | D:1      | Found Plog's Antique Weapon Shoppe.
  1065 | D:1      | 1065 ||| BUYING flail (56 gold).
  1065 | D:1      | Bought a flail for 56 gold pieces
  1065 | D:1      | 1065 ||| SHOPLISTING runed hand axe (96 gold, have 63).
  1066 | D:1      | 1066 ||| DROPPING +0 club.
  1271 | D:1      | 1271 ||| READING scroll labelled QYISOORASK.
  1272 | D:1      | 1272 ||| READING scroll labelled UMNEUJ JAMU.
  1275 | D:1      | 1275 ||| READING scroll labelled QOWNYP DECAIG.
  1276 | D:1      | 1276 ||| READING scroll labelled EPUIPS ASAUROFF.
  1277 | D:1      | 1277 ||| DRINKING 3 orange potions.
  1278 | D:1      | 1278 ||| DROPPING 2 potions of degeneration.
  1369 | D:2      | Reached XP level 4. HP: 28/28 MP: 4/4
  1445 | D:2      | Reached skill level 4 in Axes
  1499 | D:2      | Noticed Terence
  1518 | D:2      | Killed Terence
  1576 | D:2      | 1576 ||| Stepping ~*~*~tactically~*~*~ (stealth).
  1829 | D:2      | Reached XP level 5. HP: 32/32 MP: 5/5
  1836 | D:2      | 1836 ||| UPGRADING to +0 cloak.
  1841 | D:2      | 1841 ||| READING scroll labelled PICVUU KIGOI.
  1842 | D:2      | 1842 ||| DRINKING 2 white potions.
  1843 | D:2      | 1843 ||| DROPPING potion of flight.
  2335 | D:3      | Found a broken altar of Ashenzari.
  2691 | D:3      | 2691 ||| UPGRADING to +2 pair of gloves.
  2696 | D:3      | 2696 ||| UPGRADING to ring of willpower.
  2697 | D:3      | 2697 ||| READING scroll labelled WODUVY NEGUDWA.
  2698 | D:3      | 2698 ||| READING scroll labelled FUGGINA KYLUYMA.
  2749 | D:3      | 2749 ||| READING scroll labelled OKIPNO MUKAH.
  2750 | D:3      | 2750 ||| DRINKING 3 silvery potions.
  2773 | D:4      | 2773 ||| STAIRDANCE
  2834 | D:4      | Reached skill level 5 in Axes
  2858 | D:4      | Found a staircase to the Ecumenical Temple.
  2859 | D:4      | 2859 ||| PLANNING TEMPLE
  2859 | D:4      | 2859 ||| FLEEEEING.
  2860 | D:4      | 2860 ||| FLEEEEING.
  2865 | D:4      | 2865 ||| FLEEEEING.
  2866 | D:4      | 2866 ||| FLEEEEING.
  2867 | D:4      | 2867 ||| FLEEEEING.
  2873 | D:4      | 2873 ||| STAIRDANCE
  2875 | D:3      | 2875 ||| READING 2 scrolls of identify.
  2875 | D:3      | 2875 ||| IDENTIFYING black potion
  2878 | D:4      | 2878 ||| STAIRDANCE
  2882 | D:4      | 2882 ||| STAIRDANCE
  2886 | D:4      | 2886 ||| STAIRDANCE
  2890 | D:4      | 2890 ||| STAIRDANCE
  2894 | D:4      | 2894 ||| STAIRDANCE
  2898 | D:4      | 2898 ||| STAIRDANCE
  2902 | D:4      | 2902 ||| STAIRDANCE
  3028 | D:4      | 3028 ||| STAIRDANCE
  3054 | Temple   | Entered the Ecumenical Temple
  3241 | Temple   | 3241 ||| PLANNING D:1-11
  3268 | D:4      | Noticed an ogre
  3274 | D:4      | Killed an ogre
  3275 | D:4      | Reached XP level 6. HP: 40/40 MP: 6/6
  3292 | D:4      | Reached skill level 1 in Dodging
  3327 | D:4      | 3327 ||| Stepping ~*~*~tactically~*~*~ (stealth).
  3330 | D:4      | 3330 ||| Stepping ~*~*~tactically~*~*~ (stealth).
  3341 | D:4      | 3341 ||| Stepping ~*~*~tactically~*~*~ (stealth).
  3368 | D:4      | Found an ornate altar of the Wu Jian Council.
  3371 | D:4      | Found a basalt altar of Yredelemnul.
  3452 | D:4      | 3452 ||| Stepping ~*~*~tactically~*~*~ (stealth).
  3455 | D:4      | 3455 ||| Stepping ~*~*~tactically~*~*~ (stealth).
  3521 | D:4      | Reached XP level 7. HP: 44/44 MP: 7/7
  3542 | D:4      | Identified the +0 scale mail of Recklessness {Will+ Int+4}
  3742 | D:4      | 3742 ||| UPGRADING to +0 scale mail of Recklessness {Will+
                  | Int+4}.
  3752 | D:4      | 3752 ||| DROPPING +0 scale mail.
  3753 | D:4      | 3753 ||| READING 2 scrolls labelled LAP HIZXASOYD.
  3754 | D:4      | 3754 ||| READING scroll labelled PEQOOCK DONU.
  3755 | D:4      | 3755 ||| READING 2 scrolls of identify.
  3755 | D:4      | 3755 ||| IDENTIFYING smoky ruby potion
  3773 | D:5      | Entered Level 5 of the Dungeon
  3793 | D:5      | Reached skill level 6 in Axes
  4038 | D:5      | Noticed Blork the orc
  4045 | D:5      | Killed Blork the orc
  4171 | D:5      | 4171 ||| Stepping ~*~*~tactically~*~*~ (hiding).
  4182 | D:5      | Reached skill level 7 in Axes
  4232 | D:5      | 4232 ||| Stepping ~*~*~tactically~*~*~ (stealth).
  4233 | D:5      | 4233 ||| Stepping ~*~*~tactically~*~*~ (stealth).
  4268 | D:5      | Noticed Menkaure
  4273 | D:5      | Killed Menkaure
  4274 | D:5      | Reached XP level 8. HP: 45/51 MP: 8/8
  4285 | D:5      | Found a runed translucent door.
  4286 | D:5      | Noticed Crazy Yiuf
  4352 | D:5      | 4352 ||| Stepping ~*~*~tactically~*~*~ (hiding).
  4779 | D:5      | 4779 ||| READING scroll labelled AWAESHR BUHOHISUE.
  4780 | D:5      | 4780 ||| READING scroll labelled TEONOM TAHISA.
  4781 | D:5      | 4781 ||| DRINKING 2 viscous emerald potions.
  4882 | D:5      | 4882 ||| DROPPING potion of ambrosia.
  4943 | D:6      | 4943 ||| READING scroll of enchant armour.
  4943 | D:6      | 4943 ||| ENCHANTING +0 cloak.
  4961 | D:6      | 4961 ||| FLEEEEING.
  4962 | D:6      | 4962 ||| FLEEEEING.
  4963 | D:6      | 4963 ||| FLEEEEING.
  4964 | D:6      | 4964 ||| FLEEEEING.
  4965 | D:6      | 4965 ||| STAIRDANCE
  5158 | D:6      | 5158 ||| STAIRDANCE
  5298 | D:6      | 5298 ||| STAIRDANCE
  5409 | D:6      | 5409 ||| STAIRDANCE
  5531 | D:6      | Found Mehill's Magic Scroll Boutique.
  5537 | D:6      | 5537 ||| BUYING scroll of enchant armour (82 gold).
  5537 | D:6      | Bought a scroll of enchant armour for 82 gold pieces
  5537 | D:6      | 5537 ||| BUYING scroll of identify (22 gold).
  5537 | D:6      | Bought a scroll of identify for 22 gold pieces
  5537 | D:6      | 5537 ||| BUYING scroll of identify (22 gold).
  5537 | D:6      | Bought a scroll of identify for 22 gold pieces
  5537 | D:6      | 5537 ||| BUYING scroll of identify (22 gold).
  5537 | D:6      | Bought a scroll of identify for 22 gold pieces
  5537 | D:6      | 5537 ||| BUYING scroll of identify (22 gold).
  5537 | D:6      | Bought a scroll of identify for 22 gold pieces
  5537 | D:6      | 5537 ||| BUYING scroll of teleportation (33 gold).
  5537 | D:6      | Bought a scroll of teleportation for 33 gold pieces
  5537 | D:6      | 5537 ||| BUYING scroll of teleportation (33 gold).
  5537 | D:6      | Bought a scroll of teleportation for 33 gold pieces
  5537 | D:6      | 5537 ||| READING scroll of enchant armour.
  5537 | D:6      | 5537 ||| ENCHANTING +1 cloak.
  5556 | D:6      | 5556 ||| Stepping ~*~*~tactically~*~*~ (hiding).
  5568 | D:6      | Reached skill level 8 in Axes
  5696 | D:6      | Reached skill level 6 in Fighting
  5699 | D:6      | 5699 ||| Stepping ~*~*~tactically~*~*~ (stealth).
  5700 | D:6      | 5700 ||| Stepping ~*~*~tactically~*~*~ (stealth).
  5870 | D:6      | HP: 5/51 [ogre/+0 giant club (11)]
  5871 | D:6      | 5871 ||| READING 3 scrolls of teleportation.
  5871 | D:6      | HP: 1/51 [ogre/+0 giant club (4)]
  5875 | D:6      | Found Yclyecap's Jewellery Emporium.
  5879 | D:6      | 5879 ||| READING 2 scrolls of teleportation.
  6179 | D:6      | Found Lepniaz's Weapon Emporium.
  6186 | D:6      | 6186 ||| BUYING +0 morningstar (52 gold).
  6186 | D:6      | Bought a +0 morningstar for 52 gold pieces
  6186 | D:6      | 6186 ||| DROPPING +0 flail.
  6213 | D:6      | 6213 ||| SHOPLISTING +6 ring of dexterity (396 gold, have
                  | 43).
  6213 | D:6      | 6213 ||| SHOPLISTING ring "Etuak" {Will+ EV+4 Dex+3} (603
                  | gold, have 43).
  6213 | D:6      | 6213 ||| SHOPLISTING ring "Viestripp" {*Slow rC+++ rCorr
                  | Str-2 Dex+6} (811 gold, have 43).
  6213 | D:6      | 6213 ||| SHOPLISTING ring of positive energy (220 gold,
                  | have 43).
  6213 | D:6      | 6213 ||| SHOPLISTING ring of resist corrosion (220 gold,
                  | have 43).
  6213 | D:6      | 6213 ||| SHOPLISTING ring of see invisible (165 gold, have
                  | 43).
  6233 | D:6      | Reached skill level 9 in Axes
  6500 | D:6      | Reached XP level 9. HP: 46/55 MP: 9/9
  6639 | D:6      | 6639 ||| Stepping ~*~*~tactically~*~*~ (hiding).
  6640 | D:6      | 6640 ||| Stepping ~*~*~tactically~*~*~ (hiding).
  6641 | D:6      | 6641 ||| Stepping ~*~*~tactically~*~*~ (hiding).
  6794 | D:6      | 6794 ||| UPGRADING to +0 plate armour.
  6804 | D:6      | 6804 ||| DROPPING +0 scale mail of Recklessness {Will+
                  | Int+4}.
  6805 | D:6      | 6805 ||| READING 2 scrolls labelled PIEMMI RO CYW.
  6806 | D:6      | 6806 ||| READING 8 scrolls of identify.
  6806 | D:6      | 6806 ||| IDENTIFYING ruby potion
  6807 | D:6      | 6807 ||| DROPPING potion of magic.
  6808 | D:6      | 6808 ||| DROPPING scroll of magic mapping.
  6897 | D:7      | Found a flagged portal.
  6900 | D:7      | 6900 ||| Stepping ~*~*~tactically~*~*~ (water).
  7056 | D:7      | 7056 ||| Stepping ~*~*~tactically~*~*~ (stealth).
  7057 | D:7      | 7057 ||| Stepping ~*~*~tactically~*~*~ (stealth).
  7153 | D:7      | Noticed Maggie
  7154 | D:7      | 7154 ||| Stepping ~*~*~tactically~*~*~ (hiding).
  7174 | D:7      | 7174 ||| DRINKING 4 potions of curing.
  7174 | D:7      | 7174 ||| (to cure confusion)
  7184 | D:7      | Killed Maggie
  7185 | D:7      | Reached skill level 6 in Armour
  7525 | D:7      | 7525 ||| DROPPING +0 chain mail of poison resistance.
  7526 | D:7      | 7526 ||| DRINKING 2 coppery potions.
  7527 | D:7      | 7527 ||| READING 7 scrolls of identify.
  7527 | D:7      | 7527 ||| IDENTIFYING sedimented pink potion
  7528 | D:7      | 7528 ||| READING 6 scrolls of identify.
  7528 | D:7      | 7528 ||| IDENTIFYING metallic dark potion
  7551 | D:8      | 7551 ||| Stepping ~*~*~tactically~*~*~ (hiding).
  7552 | D:8      | 7552 ||| Stepping ~*~*~tactically~*~*~ (hiding).
  7644 | D:8      | 7644 ||| FLEEEEING.
  7645 | D:8      | 7645 ||| FLEEEEING.
  7646 | D:8      | 7646 ||| FLEEEEING.
  7647 | D:8      | 7647 ||| FLEEEEING.
  7648 | D:8      | 7648 ||| FLEEEEING.
  7649 | D:8      | 7649 ||| FLEEEEING.
  7650 | D:8      | 7650 ||| STAIRDANCE
  7764 | D:8      | Noticed a gargoyle
  7765 | D:8      | 7765 ||| Stepping ~*~*~tactically~*~*~ (hiding).
  7766 | D:8      | 7766 ||| Stepping ~*~*~tactically~*~*~ (hiding).
  7783 | D:8      | HP: 14/57 [gargoyle/stone arrow (9)]
  7784 | D:8      | 7784 ||| READING 2 scrolls of teleportation.
  7784 | D:8      | Slain by a gargoyle

Levels and vault maps discovered:
D:1:      saegor_arrival_simple_a, layout_loops_ring, serial_shops, shop,
          ebering_ecumenical_altar_ruins, serial_rivers,
          chequers_serial_rivers_small_b, chequers_serial_rivers_micro_d,
          chequers_serial_rivers_small_3, chequers_serial_rivers_marsh,
          chequers_serial_rivers_marsh, grunt_decor_one_mirror,
          minmay_misc_feat_cross, supply_closet_lemuel,
          minmay_gold_behind_fungi, minmay_tiny_reverse_x
D:2:      layout_rooms, uniq_terence
D:3:      minmay_wonky_spiral, layout_basic, mainiacjoe_overflow_24_doors,
          chequers_serial_rivers_large_b, kennysheep_generic_room_8
D:4:      layout_rooms, mainiacjoe_overflow_catch_the_wave,
          minmay_temple_entry_proselytizer
D:5:      layout_basic, minmay_holes, uniq_crazy_yiuf_cottage,
          uniq_blork_the_orc, uniq_menkaure
D:6:      layout_gridville, serial_shops, nicolae_shop_statue_plus,
          nicolae_shop_temple_entry_statues_fountains,
          nicolae_shop_advertising_works [nicolae_subvault_shop_adworks]
D:7:      layout_cave_pools, enter_bailey_3, uniq_maggie
D:8:      layout_gridville, old_standard_altar, mainiacjoe_overflow_alcove_4,
          due_lair_maze_entry_diamond
Temple:   hc_temple_tempest_star

Skill      XL: |  1  2  3  4  5  6  7  8  9 |
---------------+----------------------------+-----
Axes           | 2 3 4 5 7 9 |  9.3
Fighting       | 4 5 6 7 |  7.0
Dodging        | 1 |  1.0
Shields        | 4 |  4.2
Armour         | 6 |  6.6

Action                   |  1- 3 |  4- 6 |  7- 9 || total
-------------------------+-------+-------+-------++-------
Melee: War axe           |    91 |   163 |   297 ||   551
Throw: Boomerang         |    19 |    60 |       ||    79
  Use: Scroll            |     4 |     5 |    14 ||    23
       Potion            |     1 |     2 |     3 ||     6
Armor: Scale mail        |    51 |    82 |   106 ||   239
       Plate armour      |       |       |   128 ||   128
Dodge: Dodged            |    39 |    70 |   106 ||   215
Block: Buckler           |    17 |    26 |    53 ||    96

Table legend:
 A = Non-vault XP
 B = Vault XP
 C = Vault XP percentage of total XP
 D = Non-vault monster count
 E = Vault monster count
 F = Vault count percentage of total count
                 A         B        C        D         E       F
            +---------+---------+-------+---------+---------+-------
      Total |    2914 |     943 |  24.4 |     145 |      18 |  11.0
            +---------+---------+-------+---------+---------+-------
        D:1 |      69 |       3 |   4.2 |      32 |       2 |   5.9
        D:2 |      66 |      36 |  35.3 |      18 |       1 |   5.3
        D:3 |      18 |      18 |  50.0 |       9 |       5 |  35.7
        D:4 |     380 |      41 |   9.7 |      26 |       1 |   3.7
        D:5 |     647 |     259 |  28.6 |      20 |       2 |   9.1
        D:6 |     971 |       0 |   0.0 |      17 |       0 |   0.0
        D:7 |     620 |     373 |  37.6 |      20 |       5 |  20.0
        D:8 |     143 |     213 |  59.8 |       3 |       2 |  40.0
            +---------+---------+-------+---------+---------+-------
